[Event "Late-Titled-Tuesday-Blitz-January-30-2024"]
[Site "Chess.com"]
[Date "2024.01.30"]
[Round "10"]
[White "Sokoloco"]
[Black "jefferyx"]
[Result "0-1"]
[WhiteElo "2779"]
[BlackElo "3009"]
[TimeControl "180+1"]
[EndTime "15:52:32 PST"]
[Termination "jefferyx won by resignation"]

1. b3 e5 2. Bb2 Nc6 3. e3 g6 4. d4 exd4 5. Nf3 Bg7 6. Nxd4 Nf6 7. Nxc6 bxc6 8. Be2 O-O 9. O-O d5 10. c4 Qd6 11. Ba3 c5 12. Nc3 c6 13. Bf3 Rd8 14.
Na4 Nd7 15. cxd5 Bxa1 16. dxc6 Ne5 17. Qe2 Nxf3+ 18. Qxf3 Be5 19. c7 Qxc7 20. Qxa8 Ba6 21.
Qf3 Bxh2+ 22. Kh1 Bxf1 23. g3 Bxg3 24. fxg3 Bb5 25. Kh2 Bxa4 26. Bb2 Rd2+ 0-1

[Event "Late-Titled-Tuesday-Blitz-January-30-2024"]
[Site "Chess.com"]
[Date "2024.01.30"]
[Round "10"]
[White "Flaccidmoves"]
[Black "JCVanDamme10"]
[Result "0-1"]
[WhiteElo "2423"]
[BlackElo "2315"]
[TimeControl "180+1"]
[EndTime "15:52:37 PST"]
[Termination "JCVanDamme10 won by resignation"]

1. Nf3 Nf6 2. c4 e6 3. g3 d5 4. Bg2 Be7 5. O-O O-O 6. d4 c6 7.
Qc2 b6 8. Bf4 Ba6 9. Nbd2 Nbd7 10. Rac1 Rc8 11. Qa4 Bxc4 12. Nxc4 b5 13. Qxa7 bxc4 14.
b3 Ra8 15. Qb7 Qb6 16. Qxb6 Nxb6 17. Ne5 Rxa2 18. bxc4 Nxc4 19. Nxc4 dxc4 20. e3 Nd5 21. Rxc4 Nxf4 22. gxf4 g6 23. Rxc6 Rb8 24. Rc7 Bh4 25.
d5 Rbb2 26. d6 Bxf2+ 27. Rxf2 Rxf2 28. d7 Rxg2+ 29. Kh1 Rxh2+ 30. Kg1 Rhg2+ 31. Kh1 Rgd2 32. Rc8+ Kg7 33. d8=Q Ra1+ 0-1

[Event "Late-Titled-Tuesday-Blitz-January-30-2024"]
[Site "Chess.com"]
[Date "2024.01.30"]
[Round "10"]
[White "DraningWaterHi"]
[Black "koncheto"]
[Result "0-1"]
[WhiteElo "2134"]
[BlackElo "2486"]
[TimeControl "180+1"]
[EndTime "15:52:41 PST"]
[Termination "koncheto won by checkmate"]

1. e4 e5 2. Nf3 Nf6 3. Nc3 Nc6 4. d4 exd4 5. Nxd4 Bb4 6. Nxc6 bxc6 7. Bd3 d5 8. exd5 cxd5 9. O-O O-O 10. Bg5 c6 11. Ne2 Rb8 12. a3 Bd6 13. Bc1 c5 14. Ng3 g6 15. b3 Be5 16. Rb1 h5 17. Bg5 Re8 18. f4 Bd4+ 19. Kh1 Qd6 20. Ne2 Ng4 21. Nxd4 cxd4 22. Qd2 Ne3 23. Rfe1 Bf5 24. Bxf5 Nxf5 25. a4 f6 26. Bxf6 Qxf6 27. Rxe8+ Rxe8 28. Re1 Rxe1+ 29. Qxe1 Ne3 30. c3 Qxf4 31. cxd4 Qxd4 32. h3 Qd1 33.
Qxd1 Nxd1 34. Kg1 h4 35. Kf1 Kf7 36. Ke2 Nc3+ 37. Kd3 Ne4 38. Kd4 Nf6 39. Ke5 Ke7 40.
b4 Kd7 41. b5 Kc7 42. a5 Kd7 43. Kd4 Kd6 44. a6 Kc7 45. Kc5 g5 46. Kd4 Kb6 47.
Ke5 Kxb5 48. Kxf6 d4 49. Kxg5 d3 50. Kxh4 d2 51. g4 d1=Q 52. Kh5 Kxa6 53. h4 Kb5 54. Kg5 a5 55. h5 a4 56. h6 a3 57. h7 Qd4 58.
Kh6 a2 59. g5 a1=Q 60. g6 Qg7+ 61. Kh5 Qae5+ 62. Kh4 Qh6+ 63. Kg4 Qhf4+ 64. Kh3 Qg3# 0-1

[Event "Late-Titled-Tuesday-Blitz-January-30-2024"]
[Site "Chess.com"]
[Date "2024.01.30"]
[Round "10"]
[White "protectiago"]
[Black "RebecaJimnz"]
[Result "0-1"]
[WhiteElo "2066"]
[BlackElo "2285"]
[TimeControl "180+1"]
[EndTime "15:52:51 PST"]
[Termination "RebecaJimnz won by resignation"]

1. d4 d5 2. c4 e6 3. g3 Nf6 4. Nf3 Be7 5. Bg2 O-O 6. O-O dxc4 7. Ne5 c5 8. dxc5 Qc7 9. Nxc4 Qxc5 10. b3 Rd8 11. Qe1 Nc6 12. Be3 Qh5 13. Nc3 Ng4 14.
h3 Nxe3 15. Nxe3 Bd7 16. Rd1 Be8 17. Rxd8 Rxd8 18. Qc1 b6 19. Rd1 Nd4 20. Rd2 Qa5 21.
Nc4 Qc5 22. Ne4 Qc7 23. Qd1 e5 24. Ne3 Bb4 25. Rd3 Bb5 26. Nc4 Bxc4 27. bxc4 Qxc4 28. e3 Nf3+ 29. Qxf3 Qxd3 30. Ng5 Qd1+ 31. Kh2 Qxf3 32. Bxf3 Rd2 33. Kg2 Bc5 34. Ne4 Rxa2 0-1

[Event "Late-Titled-Tuesday-Blitz-January-30-2024"]
[Site "Chess.com"]
[Date "2024.01.30"]
[Round "10"]
[White "english_player_89"]
[Black "melissa_guez"]
[Result "1-0"]
[WhiteElo "2438"]
[BlackElo "2267"]
[TimeControl "180+1"]
[EndTime "15:52:53 PST"]
[Termination "english_player_89 won by checkmate"]

1. e4 c5 2. Nf3 e6 3. g3 Nf6 4. Qe2 Nc6 5. Bg2 d6 6. O-O Be7 7. c3 Bd7 8. d4 cxd4 9. cxd4 O-O 10. Nc3 d5 11. e5 Nh5 12. g4 f6 13. gxh5 fxe5 14. Nxe5 Nxd4 15. Qd3 Nf5 16. Nxd5 exd5 17. Qxd5+ Kh8 18. Qxd7 Qa5 19. Bf4 Rad8 20. Qxb7 Nh4 21. Qxe7 Rxf4 22. Rad1 Rdf8 23. Rd7 Nf5 24. Qxf8# 1-0

[Event "Late-Titled-Tuesday-Blitz-January-30-2024"]
[Site "Chess.com"]
[Date "2024.01.30"]
[Round "10"]
[White "Onthequiet"]
[Black "HajiyevKanan"]
[Result "0-1"]
[WhiteElo "2441"]
[BlackElo "2562"]
[TimeControl "180+1"]
[EndTime "15:53:09 PST"]
[Termination "HajiyevKanan won by resignation"]

1. d4 d5 2. Nf3 c5 3. dxc5 Nc6 4. e3 e5 5. c4 d4 6. exd4 e4 7. d5 exf3 8. dxc6 Qxd1+ 9. Kxd1 bxc6 10. Nc3 Bxc5 11. Ne4 Bg4 12. Kc2 Bd4 13. Be3 O-O-O 14. Rd1 fxg2 15. Bxg2 Bxd1+ 16. Rxd1 Bxe3 17. Rxd8+ Kxd8 18. fxe3 Nh6 19. Nd6 Kc7 20. c5 Rd8 21.
Kc3 Rd7 22. b4 f5 23. a4 Re7 24. Kd4 g6 25. h3 Nf7 26. Nc4 Rd7+ 27. Kc3 Ng5 28. b5 cxb5 29. axb5 Ne4+ 30. Bxe4 fxe4 31. Kb4 Rd3 32. h4 h6 33. c6 g5 34. hxg5 hxg5 35. Kc5 Rc3 36. Kd4 Rxc4+ 37. Kxc4 g4 0-1

[Event "Late-Titled-Tuesday-Blitz-January-30-2024"]
[Site "Chess.com"]
[Date "2024.01.30"]
[Round "10"]
[White "Kostukov_Alex"]
[Black "rhungaski"]
[Result "0-1"]
[WhiteElo "2302"]
[BlackElo "2497"]
[TimeControl "180+1"]
[EndTime "15:53:10 PST"]
[Termination "rhungaski won by resignation"]

1. g3 g6 2. Bg2 Bg7 3. c4 d6 4.
Nf3 Nf6 5. O-O O-O 6. d4 Nc6 7. Nc3 e5 8. dxe5 Nxe5 9. Nxe5 dxe5 10. Qc2 c6 11. b3 Qe7 12. a4 Rd8 13. Ba3 Qe8 14.
Rad1 Bf5 15. Qc1 a5 16. Bd6 Bf8 17. Bc7 Rdc8 18. Bb6 Nd7 19. Be3 Nc5 20. Qb2 Rd8 21.
h3 h5 22. Kh2 Qe6 23. Bg5 Rxd1 24. Rxd1 e4 25. Be3 b6 26. Qc2 Re8 27. Rd2 Bg7 28. Bd4 e3 29. Rd3 Bxd3 30. Qxd3 Nxd3 0-1

[Event "Late-Titled-Tuesday-Blitz-January-30-2024"]
[Site "Chess.com"]
[Date "2024.01.30"]
[Round "10"]
[White "IngOscarArdila"]
[Black "ninguno46"]
[Result "1-0"]
[WhiteElo "2341"]
[BlackElo "2490"]
[TimeControl "180+1"]
[EndTime "15:53:13 PST"]
[Termination "IngOscarArdila won by resignation"]

1. d4 Nf6 2. c4 e6 3. Nc3 Bb4 4. Qc2 Nc6 5. Nf3 d6 6. Bg5 h6 7. Bxf6 Qxf6 8. e3 e5 9. dxe5 dxe5 10. a3 Bxc3+ 11. Qxc3 a5 12. Be2 a4 13. O-O O-O 14. Rfd1 Qe7 15. c5 Bg4 16. h3 Bh5 17. Rd2 Rad8 18.
Rad1 Rxd2 19. Rxd2 Rd8 20. Rxd8+ Qxd8 21. g4 Bg6 22. Nxe5 Nxe5 23. Qxe5 Qd2 24. Bf3 Qc1+ 25. Kg2 Bd3 26. Qe8+ Kh7 27. Be4+ Bxe4+ 28. Qxe4+ g6 29. Qe7 Qc4 30. Qxc7 Qe4+ 31. Kg1 Kg7 32. Qd6 Qb1+ 33. Kg2 Qxb2 34. Qd4+ Qxd4 35. exd4 Kf6 36. Kf3 Kg5 37.
Ke4 h5 38. gxh5 gxh5 39. d5 Kf6 40. f4 h4 41. f5 Ke7 42. Ke5 f6+ 43. Ke4 b5 44. cxb6 Kd6 45. Kd4 Kd7 46. Kc5 Kc8 47. Kc6 1-0

[Event "Late-Titled-Tuesday-Blitz-January-30-2024"]
[Site "Chess.com"]
[Date "2024.01.30"]
[Round "10"]
[White "tarno17"]
[Black "Chempiblinka"]
[Result "0-1"]
[WhiteElo "2115"]
[BlackElo "2329"]
[TimeControl "180+1"]
[EndTime "15:53:20 PST"]
[Termination "Chempiblinka won by checkmate"]

1. e4 c5 2. Nf3 Nc6 3. Bb5 g6 4. O-O Bg7 5. d3 Nh6 6. Nc3 O-O 7. h3 Nd4 8. Nxd4 cxd4 9. Ne2 d5 10. Ng3 a6 11. Ba4 b5 12. Bb3 Bb7 13. a4 b4 14. a5 Rc8 15. Bd2 dxe4 16. Nxe4 Nf5 17. Bxb4 Bd5 18. Bxd5 Qxd5 19. Re1 Rfe8 20. Qe2 Nh4 21.
Rad1 f5 22. Ng5 Qxg2# 0-1

[Event "Late-Titled-Tuesday-Blitz-January-30-2024"]
[Site "Chess.com"]
[Date "2024.01.30"]
[Round "10"]
[White "AsaHoffmann"]
[Black "Chesstrainer1"]
[Result "1-0"]
[WhiteElo "2363"]
[BlackElo "2468"]
[TimeControl "180+1"]
[EndTime "15:53:23 PST"]
[Termination "AsaHoffmann won on time"]

1. d4 Nf6 2. Bg5 Ne4 3. Bf4 d5 4. f3 Nf6 5. e4 e6 6. e5 Nfd7 7. Be3 c5 8. c3 Nc6 9. f4 Be7 10. Nf3 O-O 11. Bd3 f5 12. Qd2 Rb8 13. O-O b5 14.
Kh1 b4 15. Rg1 bxc3 16. bxc3 Nb6 17. g4 Nc4 18. Qe2 Rb2 19. Nbd2 Qa5 20. Bxc4 dxc4 21. Qxc4 Rc2 22. gxf5 Rxc3 23. Qe2 1-0

[Event "Late-Titled-Tuesday-Blitz-January-30-2024"]
[Site "Chess.com"]
[Date "2024.01.30"]
[Round "10"]
[White "Orest_Vovk"]
[Black "jinbojinbo"]
[Result "0-1"]
[WhiteElo "2495"]
[BlackElo "2629"]
[TimeControl "180+1"]
[EndTime "15:53:31 PST"]
[Termination "jinbojinbo won by resignation"]

1. h4 h5 2. Nf3 Nf6 3. Ng5 d5 4. e4 dxe4 5. Qe2 Bf5 6. Qb5+ Bd7 7. Qxb7 Nc6 8. Bb5 Rb8 9. Qxc6 Bxc6 10. Bxc6+ Nd7 11.
Nxe4 Rb6 12. Ba4 e6 13. Nbc3 Be7 14. d4 O-O 15. Bb3 Nf6 16. Be3 Ng4 17. O-O-O Nxe3 18. fxe3 c6 19. g3 a5 20. Na4 Rb8 21. Nac5 g6 22. g4 hxg4 23. h5 Kg7 24. Bxe6 Bxc5 25.
Nxc5 Qg5 26. Rde1 Rbe8 27. Ne4 Qd8 28. hxg6 Rxe6 29. Rh7+ Kxg6 30. Reh1 Rxe4 31. R7h6+ Kg7 0-1

[Event "Late-Titled-Tuesday-Blitz-January-30-2024"]
[Site "Chess.com"]
[Date "2024.01.30"]
[Round "10"]
[White "KorolDimitriy75"]
[Black "bn1462"]
[Result "1-0"]
[WhiteElo "2360"]
[BlackElo "1976"]
[TimeControl "180+1"]
[EndTime "15:53:31 PST"]
[Termination "KorolDimitriy75 won by resignation"]

1. d4 d5 2. c4 e6 3. Nc3 Nf6 4. Bg5 dxc4 5. e4 c5 6. Nf3 Nc6 7. d5 exd5 8. exd5 Qe7+ 9. Be2 Ne5 10. O-O h6 11. Bh4 Ng6 12. Bxc4 Nxh4 13. Re1 Nxf3+ 14. Qxf3 Be6 15. dxe6 O-O-O 16. exf7 Qc7 17. Nb5 Qb6 18.
Rad1 Rxd1 19. Qxd1 a6 20. Re8+ 1-0

[Event "Late-Titled-Tuesday-Blitz-January-30-2024"]
[Site "Chess.com"]
[Date "2024.01.30"]
[Round "10"]
[White "only_strong_moves"]
[Black "GoltsevDmitry2000"]
[Result "0-1"]
[WhiteElo "2549"]
[BlackElo "2804"]
[TimeControl "180+1"]
[EndTime "15:53:32 PST"]
[Termination "GoltsevDmitry2000 won on time"]

1. e4 e6 2. d4 d5 3. Nd2 c5 4. Ngf3 Nf6 5. exd5 exd5 6. Bb5+ Nc6 7. O-O Be7 8. dxc5 Bxc5 9. Nb3 Bb6 10. Re1+ Ne4 11. Be3 O-O 12. c4 Be6 13. Nfd4 Ne5 14.
cxd5 Bxd5 15. f3 Ng5 16. f4 Bxg2 17. fxe5 Bd5 18. Qg4 Ne6 19. Nf5 g6 20. Nh6+ Kh8 21.
Rad1 Bxe3+ 22. Rxe3 Qb6 23. Rxd5 Qxe3+ 24. Kh1 Qxh6 25.
Rd1 Rad8 26. Rf1 Qg5 27. Qf3 Qxe5 28. Bc4 Nd4 29. Nxd4 Rxd4 30. Bxf7 Kg7 31. Qb3 Qe4+ 0-1

[Event "Late-Titled-Tuesday-Blitz-January-30-2024"]
[Site "Chess.com"]
[Date "2024.01.30"]
[Round "10"]
[White "Zhigalko_Sergei"]
[Black "JakubPulpan"]
[Result "1-0"]
[WhiteElo "2948"]
[BlackElo "2720"]
[TimeControl "180+1"]
[EndTime "15:53:34 PST"]
[Termination "Zhigalko_Sergei won by resignation"]

1. e4 e5 2. Nf3 Nc6 3. Bc4 Nf6 4. d3 Bc5 5. O-O a6 6. Nbd2 Ba7 7. c3 O-O 8. Bb3 d6 9. h3 h6 10. Re1 Re8 11. Nf1 Be6 12. Be3 Bxe3 13. Rxe3 Bxb3 14. Qxb3 Qd7 15. Rae1 b5 16. d4 Na5 17. Qc2 Nc6 18.
Ng3 g6 19. Qd2 Qe7 20. Nh4 Nh7 21. Nf3 Ng5 22. Nh2 Kg7 23. h4 Nh7 24. h5 Nf6 25. R3e2 Rad8 26. f4 exf4 27. Qxf4 Nxh5 28. Nxh5+ gxh5 29.
Rf2 Rd7 30. Re3 h4 31. Nf3 Qf6 32. Qg4+ Qg6 33. Qxd7 1-0

[Event "Late-Titled-Tuesday-Blitz-January-30-2024"]
[Site "Chess.com"]
[Date "2024.01.30"]
[Round "10"]
[White "Nick12772"]
[Black "Cambek64"]
[Result "1-0"]
[WhiteElo "2391"]
[BlackElo "2508"]
[TimeControl "180+1"]
[EndTime "15:53:35 PST"]
[Termination "Nick12772 won by resignation"]

1. Nf3 d5 2. g3 c6 3. Bg2 Bf5 4. O-O e6 5. d4 h6 6. c4 Nf6 7. b3 Be7 8. Nbd2 O-O 9. Bb2 Ne4 10. Nxe4 Bxe4 11. Ne5 Bxg2 12. Kxg2 Nd7 13. Nxd7 Qxd7 14. e3 b5 15. cxb5 cxb5 16. Qd3 Rfc8 17. Rfc1 a6 18.
Qd2 Rxc1 19. Rxc1 Rc8 20. Rc2 Bd6 21. Qc1 Rxc2 22. Qxc2 Qc7 23. Qxc7 Bxc7 24. h4 f5 25. Ba3 Kf7 26. Kf3 g5 27. h5 g4+ 28. Ke2 Kf6 29. Bf8 Kg5 30. a4 bxa4 31. bxa4 Kxh5 32.
Kd3 Ba5 33. Ke2 Kg6 34. Bd6 h5 35. Bf4 Bd8 36. Bd6 h4 37. gxh4 Bxh4 38. Bb4 Kh5 39. Be1 Bg5 40. Kd3 f4 41. exf4 Bxf4 42. Bb4 Kh4 43.
Ke2 Kh3 44. Be7 Kg2 45. Bf6 Bh6 46. Be5 Kh3 47. Bf6 Bg5 48. Bxg5 g3 49. fxg3 Kxg3 50.
Bf6 Kf4 51. Kd3 Kf5 52. Be5 Kg4 53. Kc3 Kf3 54. Kb4 Ke4 55. Ka5 Kd3 56. Kxa6 Kc4 57. Kb6 Kb4 58. a5 1-0

[Event "Late-Titled-Tuesday-Blitz-January-30-2024"]
[Site "Chess.com"]
[Date "2024.01.30"]
[Round "10"]
[White "SmirnovTimofey2000"]
[Black "RianKapriaga"]
[Result "1-0"]
[WhiteElo "1977"]
[BlackElo "2337"]
[TimeControl "180+1"]
[EndTime "15:53:35 PST"]
[Termination "SmirnovTimofey2000 won by checkmate"]

1. e4 c6 2. d4 d5 3. exd5 cxd5 4. c4 Nf6 5. Nc3 Nc6 6. Nf3 Bg4 7. cxd5 Nxd5 8. Qb3 Bxf3 9. gxf3 Nb6 10. d5 Nd4 11. Bb5+ Nxb5 12. Qxb5+ Qd7 13. Qxd7+ Kxd7 14. Be3 Nc4 15.
O-O-O a6 16. b3 Nd6 17. Ne4 g6 18. Nc5+ Kd8 19. Kb2 Bg7+ 20. Kb1 Rc8 21. Ne4 Nb5 22. Bc1 f5 23. a4 fxe4 24. axb5 exf3 25. bxa6 bxa6 26.
d6 Rc3 27. dxe7+ Kxe7 28. Rhe1+ Kf7 29. Rd7+ Kf8 30. Ba3+ Kg8 31. Re8+ Bf8 32. Rxf8# 1-0

[Event "Late-Titled-Tuesday-Blitz-January-30-2024"]
[Site "Chess.com"]
[Date "2024.01.30"]
[Round "10"]
[White "Beca95"]
[Black "pavet"]
[Result "1-0"]
[WhiteElo "2972"]
[BlackElo "2777"]
[TimeControl "180+1"]
[EndTime "15:53:38 PST"]
[Termination "Beca95 won on time"]

1. e4 e5 2. Nc3 Nc6 3. f4 exf4 4.
d4 Qh4+ 5. Ke2 d6 6. Nf3 Bg4 7. Nd5 O-O-O 8. Bxf4 Nf6 9. Nxf6 Qxf6 10. Ke3 Bxf3 11. gxf3 g5 12. Bg3 h5 13. c3 h4 14.
Bh3+ Kb8 15. Bf2 Bg7 16. Kd2 Rhe8 17. Kc2 Ne7 18. Qd3 Ng6 19. Bf5 Nf4 20. Qd2 d5 21. Be3 dxe4 22. fxe4 Bh6 23. b4 Qc6 24. Bxf4 gxf4 25.
Qd3 Bg7 26. Kb3 Qb6 27. Qc4 Bxd4 28. cxd4 Rxd4 29. Qc5 Rd3+ 30. Kc2 Qa6 31. b5 Qa4+ 32. Kxd3 Rd8+ 33. Kc3 Qa5+ 34. Kb2 Qd2+ 35. Qc2 Qb4+ 36. Qb3 Rd2+ 37. Kb1 Qd4 38. Rc1 f3 39. Qc3 1-0

[Event "Late-Titled-Tuesday-Blitz-January-30-2024"]
[Site "Chess.com"]
[Date "2024.01.30"]
[Round "10"]
[White "PapaieDudu"]
[Black "noblerone"]
[Result "1-0"]
[WhiteElo "2409"]
[BlackElo "2441"]
[TimeControl "180+1"]
[EndTime "15:53:47 PST"]
[Termination "PapaieDudu won by resignation"]

1. e4 c5 2. Nf3 e6 3. d4 cxd4 4. Nxd4 Qb6 5. Nb3 Qc7 6. Nc3 a6 7. g3 Nf6 8. Bf4 d6 9. Bg2 e5 10. Bg5 Be6 11. O-O Be7 12. Nd5 Nxd5 13. exd5 Bxg5 14.
dxe6 Nc6 15. exf7+ Kf8 16. Nd2 h5 17. Ne4 Be7 18. c4 Nd4 19. Nc3 Qxc4 20. Bxb7 Rb8 21. Bd5 Qc5 22. Bg2 Rxb2 23. Na4 Qa3 24. Nxb2 Qxb2 25. Bd5 Qb5 26. Bg2 Kxf7 27. Rb1 Qd7 28. f4 Bf6 29. fxe5 dxe5 30. Rb7 Qxb7 31. Bxb7 a5 32.
Bd5+ Kg6 33. Qb1+ Kh6 34. Bf7 1-0

[Event "Late-Titled-Tuesday-Blitz-January-30-2024"]
[Site "Chess.com"]
[Date "2024.01.30"]
[Round "10"]
[White "temus_galaktionov"]
[Black "Defend1r"]
[Result "1-0"]
[WhiteElo "2875"]
[BlackElo "2555"]
[TimeControl "180+1"]
[EndTime "15:53:52 PST"]
[Termination "temus_galaktionov won by checkmate"]

1. d4 Nf6 2. Nf3 e6 3. c4 d5 4. Nc3 Be7 5. Bf4 O-O 6. e3 b6 7. Bd3 dxc4 8. Bxc4 a6 9. O-O Bb7 10. Qe2 Nh5 11. Be5 Nd7 12. Rfd1 b5 13. Bb3 Bd6 14. Rac1 Qe7 15. h3 Nhf6 16. e4 b4 17. Bxd6 cxd6 18.
e5 dxe5 19. dxe5 bxc3 20. exf6 Nxf6 21. Rxc3 Rac8 22. Rdc1 Rxc3 23. Rxc3 Nd5 24. Bxd5 Bxd5 25. Qxa6 Qb4 26. Qa3 Qe4 27. b3 h5 28. Qc1 Ra8 29.
Rc8+ Rxc8 30. Qxc8+ Kh7 31. Ng5+ Kg6 32. Nxe4 Bxe4 33. b4 Bxg2 34. Kxg2 h4 35. b5 Kf5 36. Qc5+ Kf6 37. b6 g5 38. b7 g4 39. b8=Q gxh3+ 40. Kxh3 Kg6 41. Qg8+ Kf6 42. Qcg5# 1-0

[Event "Late-Titled-Tuesday-Blitz-January-30-2024"]
[Site "Chess.com"]
[Date "2024.01.30"]
[Round "10"]
[White "crescentmoon2411"]
[Black "DenLaz"]
[Result "0-1"]
[WhiteElo "3012"]
[BlackElo "3060"]
[TimeControl "180+1"]
[EndTime "15:53:55 PST"]
[Termination "DenLaz won on time"]

1. d4 Nf6 2. c4 e6 3. Nc3 Bb4 4. e3 O-O 5. Bd3 d5 6. a3 Bxc3+ 7. bxc3 dxc4 8. Bxc4 c5 9. Ne2 Qc7 10. Qd3 Nc6 11. e4 Rd8 12. Ba2 Qa5 13. O-O b6 14. f3 Ba6 15. Qe3 Bxe2 16. Qxe2 Qxc3 17. Bg5 Qxd4+ 18. Kh1 h6 19. Bh4 Qd2 20. Qa6 Ne5 21. f4 Neg4 22. e5 Ne3 23. Rf2 Qd1+ 24. Rf1 Qg4 25.
Bg3 Nxf1 26. Rxf1 Ne4 27. f5 exf5 28. Qb7 Kh8 29. Qxf7 Rd1 0-1

[Event "Late-Titled-Tuesday-Blitz-January-30-2024"]
[Site "Chess.com"]
[Date "2024.01.30"]
[Round "10"]
[White "lupta_robin"]
[Black "Seochesspie"]
[Result "0-1"]
[WhiteElo "2568"]
[BlackElo "2868"]
[TimeControl "180+1"]
[EndTime "15:53:58 PST"]
[Termination "Seochesspie won on time"]

1. e4 c5 2. Nf3 Nc6 3. d4 cxd4 4. Nxd4 e6 5. Nc3 Qc7 6. Be3 a6 7. Qd2 Nf6 8. f3 Bb4 9. O-O-O Ne7 10. Nde2 d5 11. e5 Nd7 12. f4 b5 13. Rg1 Nb6 14. Bxb6 Qxb6 15. Nd4 Bd7 16. Qe3 Rc8 17. Nce2 h5 18. g3 Bc5 19. Qd3 b4 20. Kb1 g6 21.
h3 Nf5 22. Nxf5 gxf5 23. Nd4 a5 24. Be2 a4 25. g4 hxg4 26. hxg4 fxg4 27. Bxg4 a3 28.
b3 Rh2 29. Rh1 Rxh1 30. Rxh1 Bxd4 31. f5 Kd8 32. fxe6 fxe6 0-1

[Event "Late-Titled-Tuesday-Blitz-January-30-2024"]
[Site "Chess.com"]
[Date "2024.01.30"]
[Round "10"]
[White "shirovin"]
[Black "finec2"]
[Result "1-0"]
[WhiteElo "2069"]
[BlackElo "2193"]
[TimeControl "180+1"]
[EndTime "15:53:59 PST"]
[Termination "shirovin won on time"]

1. e4 c5 2. Nf3 e6 3. g3 Nc6 4. Bg2 a6 5. O-O d6 6. d4 cxd4 7. Nxd4 Qc7 8. Nc3 Bd7 9. Re1 Be7 10. h4 Nf6 11. Be3 O-O 12. h5 b5 13. h6 g6 14. a4 b4 15. Nce2 Rac8 16. Bg5 Ng4 17. Bxe7 Nxe7 18. Rc1 Bxa4 19. Qd2 e5 20. Nb3 Qb6 21.
Rf1 Bxb3 22. cxb3 Rxc1 23. Nxc1 f5 24. Qg5 Qc7 25. exf5 Nf6 26. fxg6 1-0

[Event "Late-Titled-Tuesday-Blitz-January-30-2024"]
[Site "Chess.com"]
[Date "2024.01.30"]
[Round "10"]
[White "GoValya"]
[Black "Bala-Afiada"]
[Result "1-0"]
[WhiteElo "2272"]
[BlackElo "2025"]
[TimeControl "180+1"]
[EndTime "15:54:04 PST"]
[Termination "GoValya won by checkmate"]

1. Nf3 d5 2. g3 Nf6 3. Bg2 c6 4. O-O e6 5. d4 Nbd7 6. Nbd2 Be7 7. c4 O-O 8. b3 b6 9. Bb2 Bb7 10. Ne5 Rc8 11. e4 dxe4 12. Nxe4 Nxe4 13. Bxe4 Nxe5 14.
dxe5 Qc7 15. Qf3 Ba8 16. Qh5 g6 17. Qg4 c5 18. Bxa8 Rxa8 19. h4 Rfd8 20. h5 Bf8 21. hxg6 hxg6 22. Rad1 Rxd1 23. Rxd1 Rd8 24. Re1 Bg7 25. Qf4 Qd7 26. Bc1 Qd4 27. Qf3 Bxe5 28. Bg5 Rd7 29. Kg2 Bg7 30. Qa8+ Kh7 31. Rh1+ Bh6 32.
Rxh6+ Kg7 33. Qh8# 1-0

[Event "Late-Titled-Tuesday-Blitz-January-30-2024"]
[Site "Chess.com"]
[Date "2024.01.30"]
[Round "10"]
[White "ARTHURMOTIVATOR"]
[Black "bazar-wokzal"]
[Result "1-0"]
[WhiteElo "2356"]
[BlackElo "2586"]
[TimeControl "180+1"]
[EndTime "15:54:05 PST"]
[Termination "ARTHURMOTIVATOR won by checkmate"]

1. e4 Nc6 2. Nc3 Nf6 3. g3 d5 4. exd5 Nd4 5. Bg2 Bg4 6. f3 Bf5 7. d3 Nxd5 8. Nge2 e5 9. O-O Bc5 10. Kh1 O-O 11. Nxd4 Bxd4 12. Nxd5 Qxd5 13. f4 Qe6 14. c3 Bb6 15. fxe5 Qxe5 16. Qf3 Bc8 17. Bf4 Qf5 18. Rae1 c6 19. Qe2 Qe6 20. Qh5 Qxa2 21. c4 Be6 22. Be5 f6 23. Bxf6 Rxf6 24. Rxf6 gxf6 25.
Be4 f5 26. Qg5+ Kf7 27. Bxf5 Bxf5 28. Re7+ Kf8 29. Qg7# 1-0

[Event "Late-Titled-Tuesday-Blitz-January-30-2024"]
[Site "Chess.com"]
[Date "2024.01.30"]
[Round "10"]
[White "Sanyura"]
[Black "mbojan"]
[Result "0-1"]
[WhiteElo "2667"]
[BlackElo "2861"]
[TimeControl "180+1"]
[EndTime "15:54:06 PST"]
[Termination "mbojan won by resignation"]

1. e4 a6 2. d4 e6 3. Nf3 d5 4. Nc3 Nf6 5. Bg5 Be7 6. e5 Nfd7 7. h4 c5 8. Bd3 cxd4 9. Ne2 Nc6 10. Nexd4 Nxd4 11. Nxd4 Nxe5 12. Nf3 Nxf3+ 13. Qxf3 Bxg5 14. hxg5 Qxg5 15. Rh5 Qf6 16. Qg3 Qxb2 17. Rd1 Bd7 18. Rg5 g6 19. Re5 Bb5 20. Bxb5+ axb5 21. Rdxd5 O-O 22.
Rd2 Rxa2 23. Qe3 Ra1+ 24. Ke2 Qc1 25. Qd4 Qf1+ 26. Kf3 Ra3+ 27. c3 Rc8 28. Rc5 Rxc5 29. Qxc5 Ra8 30. Rd7 Qc4 31. Rc7 Qxc5 32. Rxc5 Ra3 33.
Kg4 Ra4+ 34. Kg3 Rc4 0-1

[Event "Late-Titled-Tuesday-Blitz-January-30-2024"]
[Site "Chess.com"]
[Date "2024.01.30"]
[Round "10"]
[White "djano"]
[Black "kai_nov"]
[Result "1-0"]
[WhiteElo "2625"]
[BlackElo "2334"]
[TimeControl "180+1"]
[EndTime "15:54:06 PST"]
[Termination "djano won on time"]

1. e4 c5 2. Nc3 Nc6 3. Bb5 Nd4 4. Nf3 e6 5. O-O a6 6. Bd3 Nc6 7. a3 g5 8. b4 cxb4 9. axb4 Nxb4 10. Be2 Bg7 11.
Ba3 Nc6 12. d4 g4 13. Ne5 Nxe5 14. dxe5 Bxe5 15. Qd3 Qc7 16. Bb4 Rb8 17. Bxg4 Nf6 18. Be2 Bxh2+ 19. Kh1 Be5 20. f4 Bxf4 21. Nd5 exd5 22. exd5 Qe5 23. Bc3 Qg5 24. Rxf4 Qxf4 25. Rf1 Qh4+ 26. Kg1 Ne4 27. Bxh8 Ng3 28. Qe3+ Kf8 29.
Bf6 1-0

[Event "Late-Titled-Tuesday-Blitz-January-30-2024"]
[Site "Chess.com"]
[Date "2024.01.30"]
[Round "10"]
[White "Nemsko"]
[Black "ArtemDyachuk"]
[Result "1-0"]
[WhiteElo "2416"]
[BlackElo "2624"]
[TimeControl "180+1"]
[EndTime "15:54:11 PST"]
[Termination "Nemsko won by checkmate"]

1. e4 c5 2. Nf3 d6 3. d4 cxd4 4. Nxd4 Nf6 5. Nc3 a6 6. Be3 Ng4 7. Bg5 h6 8. Bh4 g5 9. Bg3 Bg7 10. h3 Ne5 11. f3 Nbc6 12. Bf2 O-O 13. Qd2 Bd7 14. O-O-O Rc8 15. Kb1 b5 16. h4 b4 17.
Nd5 Nxd4 18. Bxd4 e6 19. Ne3 Qe7 20. hxg5 hxg5 21. Be2 a5 22. g3 Bc6 23. Rh5 Rfd8 24.
Rdh1 Qf6 25. Ng4 Qg6 26. Rxg5 Nxg4 27. Rxg6 fxg6 28. Bxg7 Kxg7 29. fxg4 Rh8 30. Rxh8 Rxh8 31. Bf3 Rf8 32. Qe2 e5 33. b3 Bd7 34. g5 Be6 35.
Bg4 Bf7 36. Qh2 Rh8 37. Qf2 a4 38. Qf6+ Kg8 39. bxa4 Rh1+ 40. Kb2 Rg1 41. Be6 Bxe6 42. Qxe6+ Kg7 43. Qf6+ Kg8 44. Qxg6+ Kh8 45. Qh6+ Kg8 46. g6 Rf1 47. Qh7+ Kf8 48. g7+ Ke7 49. g8=Q+ Kf6 50. Qhf7# 1-0

[Event "Late-Titled-Tuesday-Blitz-January-30-2024"]
[Site "Chess.com"]
[Date "2024.01.30"]
[Round "10"]
[White "ChristopherYoo"]
[Black "Jospem"]
[Result "0-1"]
[WhiteElo "2935"]
[BlackElo "3062"]
[TimeControl "180+1"]
[EndTime "15:54:15 PST"]
[Termination "Jospem won on time"]

1. Nf3 c5 2. g3 Nc6 3. Bg2 g6 4. O-O Bg7 5. c4 d6 6. Nc3 e6 7.
d3 Nge7 8. Bd2 O-O 9. a3 b6 10. Qc1 Bb7 11. Bh6 Qd7 12. Bxg7 Kxg7 13. b4 Rad8 14. Qb2 f6 15. Ne4 e5 16. Rab1 Ba8 17.
e3 Qc7 18. Rfe1 h6 19. Nc3 Kh7 20. d4 cxd4 21. exd4 Nf5 22. Nb5 Qc8 23. d5 Nce7 24. Nxa7 Qxc4 25. Rbc1 Qa6 26. Rc7 Kh8 27. Nc6 Nxc6 28.
dxc6 b5 29. g4 Qb6 30. Rd7 Rxd7 31. cxd7 Ne7 32. Qd2 Kg7 33. Rd1 d5 34. g5 hxg5 35. Nxe5 fxe5 36. Qxg5 Qf6 37. Qe3 d4 38. Qg3 Bxg2 39.
Qxg2 Rd8 40. Qg4 Qf5 41. Qh4 Rxd7 0-1